 Dungeon Sprint DCSS version 0.22-a0-429-g97ce8ef (webtiles) character file.

107 jerryfan the Magician (level 4, -5/39 HPs)
             Began as a Gnoll Wanderer on May 25, 2018.
             Killed from afar by Sigmund (9 damage)
             ... with a magic dart
             ... in the Dungeon (Sprint I: "Red Sonja").
             The game lasted 00:01:32 (573 turns).

jerryfan the Magician (Gnoll Wanderer)               Turns: 573, Time: 00:01:33

Health: -5/39      AC:  5    Str: 15    XL:     4   Next: 86%
Magic:  11/11      EV: 12    Int: 13    God:
Gold:   54         SH:  0    Dex: 16    Spells: 14/14 levels left

rFire    . . .     SeeInvis .   d - +0 dagger
rCold    . . .     Gourm    .   (no shield)
rNeg     . . .     Faith    .   g - +0 ring mail
rPois    .         Spirit   .   (no helmet)
rElec    .         Reflect  .   (no cloak)
rCorr    .         Harm     .   (no gloves)
MR       .....     NoTele   +   (no boots)
Stlth    ++........             (no amulet)
HPRegen  0.13/turn              (no ring)
MPRegen  0.12/turn              (no ring)

@: hasted, very quick
A: distributed training, fangs 1, strong nose
a: no special abilities


You were in the Dungeon.
You were not hungry.

You visited 1 branch You collected 54 gold pieces.

Inventory:

Hand Weapons
 d - a +0 dagger (weapon)
Armour
 b - a +0 ring mail
 g - a +0 ring mail (worn)
Scrolls
 k - a scroll of blinking
Potions
 e - a potion of curing
 i - 2 potions of magic
Comestibles
 a - 3 chunks of flesh
 f - a ration


   Skills:
 + Level 5.5 Fighting
 + Level 3.0 Short Blades
 + Level 3.0 Long Blades
 + Level 3.0 Axes
 + Level 3.0 Maces & Flails
 + Level 3.0 Polearms
 + Level 3.0 Staves
 + Level 3.0 Slings
 + Level 3.0 Bows
 + Level 3.0 Crossbows
 + Level 3.0 Throwing
 + Level 4.0 Armour
 + Level 3.0 Dodging
 + Level 3.0 Stealth
 + Level 3.0 Shields
 + Level 3.0 Unarmed Combat
 + Level 5.8 Spellcasting
 + Level 2.4 Conjurations
 + Level 2.4 Hexes
 + Level 2.4 Charms
 + Level 2.4 Summonings
 + Level 2.4 Necromancy
 + Level 2.4 Translocations
 + Level 4.5 Transmutations
 + Level 3.2 Fire Magic
 + Level 2.4 Ice Magic
 + Level 2.4 Air Magic
 + Level 2.4 Earth Magic
 + Level 2.4 Poison Magic
 + Level 3.2 Invocations
 + Level 5.5 Evocations


You had 14 spell levels left.
You didn't know any spells.
Your spell library contained the following spells:

 Spells                   Type           Power        Failure   Level  Hunger
 Stone Arrow              Conj/Erth      ##....       34%         3    ###....
 Flame Tongue             Conj/Fire      ##...        10%         1    None
 Passwall                 Tmut/Erth      ##......     12%         2    ##.....
 Ignite Poison            Fire/Tmut/Pois ##......     24%         3    ###....
 Lee's Rapid Deconstruct  Erth           ##........   97%         5    ######.
 Sandblast                Erth           ##....       12%         1    None
 Petrify                  Tmut/Erth      ##......     58%         4    ####...


Dungeon Overview and Level Annotations

Branches:
Dungeon (1/1)

Altars:

Annotations:
D Sigmund


Innate Abilities, Weirdness & Mutations

Your experience applies equally to all skills.
You have very sharp teeth.
Your uncanny sense of smell can sniff out nearby items.


Message History

You are confused.
You hit Sigmund.
Sigmund is moderately wounded.
You barely miss Sigmund. Your bite misses Sigmund.
Sigmund is moderately wounded.
Sigmund barely misses you.
Sigmund hits you from afar with a scythe.
You bump into the stone wall.
Sigmund points at you and mumbles some strange words.
The puff of flame hits you!
* * * LOW HITPOINT WARNING * * *
You bump into the rock wall.
Sigmund hits you from afar with a scythe.
* * * LOW HITPOINT WARNING * * *
You feel less confused.
You hit Sigmund.
Sigmund is moderately wounded.
Sigmund gestures at you while chanting. The magic dart hits you!
You die...

#############
#<.#..'..#..+∆∆
#..)..#.@@..#∆∆
#..#####'####
#..# #..#∆∆∆ ∆
#..# ####∆∆ ∆
#..# #⌠⌠# ####
∆∆ ∆


You could see Sigmund.

Vanquished Creatures
  An ogre (D)
  Ijyb (D)
2 creatures vanquished.

Notes
Turn   | Place    | Note
-------+----------+-------------------------------------------
     0 | D        | jerryfan the Gnoll Wanderer began the quest for the Orb.
     0 | D        | jerryfan set off with: a +0 ring mail, a +0 dagger, a potion of curing, a ration, a potion of heal wounds, a potion of haste, 2 potions of magic, a potion of berserk rage, a scroll of blinking
     0 | D        | Reached XP level 1. HP: 20/20 MP: 6/6
     1 | D        | Noticed Ijyb
    81 | D        | HP: 1/20 [Ijyb (4)]
    85 | D        | Killed Ijyb
    85 | D        | Reached skill level 1 in Short Blades
    85 | D        | Reached skill level 1 in Long Blades
    85 | D        | Reached skill level 1 in Axes
    85 | D        | Reached skill level 1 in Maces & Flails
    85 | D        | Reached skill level 1 in Polearms
    85 | D        | Reached skill level 1 in Staves
    85 | D        | Reached skill level 1 in Slings
    85 | D        | Reached skill level 1 in Bows
    85 | D        | Reached skill level 1 in Crossbows
    85 | D        | Reached skill level 1 in Throwing
    85 | D        | Reached skill level 1 in Dodging
    85 | D        | Reached skill level 1 in Stealth
    85 | D        | Reached skill level 1 in Shields
    85 | D        | Reached skill level 1 in Unarmed Combat
    85 | D        | Reached skill level 5 in Spellcasting
    85 | D        | Reached skill level 1 in Conjurations
    85 | D        | Reached skill level 1 in Hexes
    85 | D        | Reached skill level 1 in Charms
    85 | D        | Reached skill level 1 in Summonings
    85 | D        | Reached skill level 1 in Necromancy
    85 | D        | Reached skill level 1 in Translocations
    85 | D        | Reached skill level 1 in Ice Magic
    85 | D        | Reached skill level 1 in Air Magic
    85 | D        | Reached skill level 1 in Earth Magic
    85 | D        | Reached skill level 1 in Poison Magic
    85 | D        | Reached skill level 1 in Invocations
    85 | D        | Reached XP level 2. HP: 2/26 MP: 8/8
    85 | D        | Reached XP level 3. HP: 3/32 MP: 9/9
   372 | D        | Noticed an ogre
   391 | D        | Killed an ogre
   391 | D        | Reached skill level 5 in Fighting
   391 | D        | Reached skill level 5 in Evocations
   391 | D        | Reached XP level 4. HP: 26/39 MP: 9/11
   544 | D        | Noticed Sigmund
   573 | D        | Killed from afar by Sigmund

Vault maps used:
D:        dungeon_sprint_1

Skill      XL: |  1  2  3 |
---------------+----------+-----
Short Blades   | 1 3 |  3.0
Long Blades    | 1 3 |  3.0
Axes           | 1 3 |  3.0
Maces & Flails | 1 3 |  3.0
Polearms       | 1 3 |  3.0
Staves         | 1 3 |  3.0
Slings         | 1 3 |  3.0
Bows           | 1 3 |  3.0
Crossbows      | 1 3 |  3.0
Throwing       | 1 3 |  3.0
Armour         | 3 4 |  4.0
Dodging        | 1 3 |  3.0
Stealth        | 1 3 |  3.0
Shields        | 1 3 |  3.0
Unarmed Combat | 1 3 |  3.0
Spellcasting   | 5 |  5.8
Conjurations   | 1 2 |  2.4
Hexes          | 1 2 |  2.4
Charms         | 1 2 |  2.4
Summonings     | 1 2 |  2.4
Necromancy     | 1 2 |  2.4
Translocations | 1 2 |  2.4
Transmutations | 4 |  4.5
Fire Magic     | 2 3 |  3.2
Ice Magic      | 1 2 |  2.4
Air Magic      | 1 2 |  2.4
Earth Magic    | 1 2 |  2.4
Poison Magic   | 1 2 |  2.4
Invocations    | 1 3 |  3.2
Fighting       | 5 |  5.5
Evocations     | 5 |  5.5

Action                   |  1- 3 |  4- 6 || total
-------------------------+-------+-------++-------
Melee: Dagger            |    94 |    17 ||   111
       Bite              |    12 |     2 ||    14
  Use: Potion            |     3 |     1 ||     4
Armor: Ring mail         |    29 |       ||    29
Dodge: Dodged            |    38 |     4 ||    42

Table legend:
 A = Spawn XP
 B = Non-spawn XP
 C = Spawn XP percentage of total XP
 D = Spawn monster count
 E = Non-spawn monster count
 F = Spawn count percentage of total count
 G = Total turns spent on level
                    A         B        C        D         E        F      G
               +---------+---------+-------+---------+---------+-------+---------
         Total |       0 |     154 |   0.0 |       0 |       2 |   0.0 |   573
               +---------+---------+-------+---------+---------+-------+---------
             D |       0 |     154 |   0.0 |       0 |       2 |   0.0 |   573
               +---------+---------+-------+---------+---------+-------+---------
